[Event "Early-Titled-Tuesday-Blitz-January-16-2024"]
[Site "Chess.com"]
[Date "2024.01.16"]
[Round "1"]
[White "Jumbo"]
[Black "MidnightFox"]
[Result "1-0"]
[WhiteElo "2933"]
[BlackElo "2499"]
[TimeControl "180+1"]
[EndTime "8:08:16 PST"]
[Termination "Jumbo won by checkmate"]

1. d4 Nf6 2. c4 g6 3. g3 Bg7 4. Bg2 c6 5. Qa4 O-O 6. d5 b5 7.
cxb5 cxd5 8. Nc3 Bb7 9. Nh3 e6 10. O-O a6 11. Rd1 axb5 12. Qxb5 Bc6 13. Qb3 Na6 14. Be3 Qe7 15. a3 Rab8 16. Qc2 Rfc8 17.
Rac1 Nc5 18. b4 Nce4 19. Nxe4 Nxe4 20. Bxe4 dxe4 21. Ba7 Ra8 22. Bc5 Qf6 23. Bd4 Qf5 24. Bxg7 Kxg7 25. Nf4 g5 26. Qb2+ Kh6 27. Ng2 f6 28.
Rc5 Qg6 29. h4 Bd5 30. Rdc1 Rf8 31. Qd2 Kg7 32. Rc7 Rad8 33. b5 h6 34. b6 f5 35.
b7 f4 36. Qd4+ Kh7 37. Qe5 fxg3 38. fxg3 Qf7 39. Kh2 Qf2 40. b8=Q e3 41. Rg1 Rxb8 42.
Rxd7+ Rf7 43. Rxf7+ Qxf7 44. Qxb8 Qf2 45. Qe5 Qxe2 46.
Qxe3 Qa2 47. Qd3+ Kg7 48. Qd4+ Kf7 49. Qa7+ Kg6 50. Qe3 Qc4 51. Re1 Qc2 52. Re2 Qf5 53. Rf2 Qb1 54. Qe5 Kh5 55. hxg5 hxg5 56. Qh8+ Kg6 57.
Rf6# 1-0

[Event "Early-Titled-Tuesday-Blitz-January-16-2024"]
[Site "Chess.com"]
[Date "2024.01.16"]
[Round "1"]
[White "KanalSzachowy"]
[Black "Yeritsyaan"]
[Result "0-1"]
[WhiteElo "2317"]
[BlackElo "2658"]
[TimeControl "180+1"]
[EndTime "8:08:18 PST"]
[Termination "Yeritsyaan won by checkmate"]

1. e4 e6 2. d4 a6 3. c4 d5 4. cxd5 exd5 5. e5 Bf5 6. Bd3 Bb4+ 7. Nc3 Bxd3 8. Qxd3 Ne7 9. h4 Nd7 10. Nf3 c5 11. a3 cxd4 12. axb4 dxc3 13. bxc3 Qc7 14.
O-O O-O 15. Re1 Rfe8 16. Ng5 Nf8 17. e6 fxe6 18. Rxe6 h6 19. Rxe7 Rxe7 20. Qxd5+ Kh8 21. Nf3 Rd8 22. Qb3 Rd3 23. Bb2 Re2 24. Rf1 Ne6 25. Ne1 Rd8 26. Bc1 Nf4 27. Nf3 Nd3 28. Be3 Ne5 29.
Nxe5 Qxe5 30. Qf7 Qxc3 31. Qxb7 Re1 32. Qxa6 Rxf1+ 33. Kxf1 Qxb4 34. Ke2 Qb2+ 35. Kf3 Qc2 36. Qb7 Qd1+ 37. Kg3 Qd6+ 38. Kh3 Qd7+ 39. Qxd7 Rxd7 40. g4 Kh7 41. Kg3 g6 42. g5 h5 43. Kf3 Rd5 44.
Kg2 Kg8 45. Kf3 Kf7 46. Kg3 Ke6 47. Kf3 Kf5 48. Kg3 Rb5 49. Kf3 Rb4 50. Kg3 Rb1 51.
Kf3 Rh1 52. Kg3 Ke4 53. Bd2 Rg1+ 54. Kh2 Rg4 55. f3+ Kxf3 56. Be1 Rg2+ 57. Kh3 Rg1 58. Kh2 Rxe1 59. Kh3 Rh1# 0-1

[Event "Early-Titled-Tuesday-Blitz-January-16-2024"]
[Site "Chess.com"]
[Date "2024.01.16"]
[Round "1"]
[White "Aleksandar-Topalov"]
[Black "Emp3rador"]
[Result "1-0"]
[WhiteElo "2307"]
[BlackElo "2618"]
[TimeControl "180+1"]
[EndTime "8:08:18 PST"]
[Termination "Aleksandar-Topalov won by resignation"]

1. b3 e5 2. Bb2 Nc6 3. e3 a6 4. c4 Nf6 5. Nf3 d6 6. d4 exd4 7. Nxd4 Be7 8. Nc3 O-O 9. Be2 Bd7 10. O-O Nxd4 11. Qxd4 Bc6 12. Nd5 Bxd5 13. cxd5 Ne8 14. Rac1 Bf6 15. Qd2 Bxb2 16. Qxb2 Nf6 17. Bf3 Re8 18.
Rc3 Re5 19. Qd2 Ne4 20. Bxe4 Rxe4 21. Rfc1 Re7 22. Qc2 Rc8 23. b4 Qd7 24. h3 g6 25.
a4 h5 26. Qb3 Re4 27. b5 axb5 28. axb5 b6 29. Rc6 Re5 30. Qc4 Qf5 31. Rd1 Re4 32. Qc3 Qe5 33. Qc2 Rb4 34. Rxb6 cxb6 35. Qxc8+ Kg7 36. Qc6 Rb2 37. Qxb6 Qc3 38. Qxd6 Rxb5 39. Qf4 Qf6 40. Qxf6+ Kxf6 41. d6 Rb8 42. d7 Rd8 43. e4 Ke7 44. f4 Rxd7 45. Rxd7+ Kxd7 46. Kf2 Kd6 47. Ke3 Kc5 48. Kd3 f6 49. Kc3 Kc6 50.
Kd4 Kd6 51. e5+ Ke6 52. exf6 Kxf6 53. g4 hxg4 54. hxg4 Ke6 55. Ke4 Kd6 56. f5 Ke7 57.
Ke5 Kf7 58. f6 g5 59. Kf5 Kf8 60. Kxg5 Kg8 61. Kg6 Kf8 62. f7 Ke7 63. Kg7 1-0

[Event "Early-Titled-Tuesday-Blitz-January-16-2024"]
[Site "Chess.com"]
[Date "2024.01.16"]
[Round "1"]
[White "RaugintaBulba"]
[Black "inneremptiness"]
[Result "0-1"]
[WhiteElo "2477"]
[BlackElo "2872"]
[TimeControl "180+1"]
[EndTime "8:08:19 PST"]
[Termination "inneremptiness won on time"]

1. d4 Nf6 2. c4 g6 3. Nc3 d5 4. cxd5 Nxd5 5. Bd2 Nxc3 6. Bxc3 Bg7 7. e4 O-O 8. Nf3 Bg4 9. Be2 c5 10. d5 Bxc3+ 11. bxc3 Qa5 12. Qd2 Nd7 13. O-O Rad8 14. Qg5 Bxf3 15. Bxf3 f6 16. Qd2 b5 17. Be2 Nb6 18.
Rfb1 a6 19. Qe3 Na4 20. Rc1 Rfe8 21. f4 e6 22. c4 exd5 23. cxd5 Rxd5 24. Bd1 Rd4 25.
Bxa4 Qxa4 26. Rxc5 Rdxe4 27. Qd2 Qd4+ 28. Qxd4 Rxd4 29.
Rc7 Rxf4 30. Rd1 Kh8 31. g3 Rc4 32. Rb7 Rc5 33. Rdd7 Rh5 34. Kf2 Rxh2+ 35. Kf3 a5 36.
Rxb5 Rxa2 37. Rbb7 Rh2 38. Ra7 f5 39. Rxa5 Rhe2 40.
Raa7 Rh2 41. Kf4 Rh5 42. Kf3 Rb8 43. Rf7 Rh1 44. Kf4 Rc8 45. Kg5 Rh5+ 46. Kf6 Rc6+ 47. Ke5 Rc8 48. Kf4 Re8 49. Kf3 Rh2 50. Rab7 Rd8 51.
Ra7 Rc8 52. Rab7 Ra8 53. Rbc7 Rh1 54. Rb7 Rh5 55. Kg2 Rc8 56. Kf3 Rd8 57. Kg2 Rg8 58.
Kf3 g5 59. Rxf5 g4+ 60. Kf4 Rh1 61. Rff7 Rf1+ 62. Ke5 Re8+ 63. Kd5 Rxf7 64. Rxf7 Re3 0-1

[Event "Early-Titled-Tuesday-Blitz-January-16-2024"]
[Site "Chess.com"]
[Date "2024.01.16"]
[Round "1"]
[White "isaks"]
[Black "tjallkompall"]
[Result "0-1"]
[WhiteElo "2407"]
[BlackElo "2762"]
[TimeControl "180+1"]
[EndTime "8:08:19 PST"]
[Termination "tjallkompall won by resignation"]

1. e4 Nf6 2. e5 Nd5 3. d4 d6 4. Bc4 c6 5. Nf3 Bg4 6. h3 Bh5 7. O-O e6 8. Nbd2 dxe5 9. dxe5 Nd7 10. Qe1 Be7 11. Nd4 Bg6 12. c3 O-O 13. f4 Nc5 14. Qg3 Bh4 15. Qf3 f6 16. exf6 Bxf6 17. b4 Bxd4+ 18. cxd4 Rxf4 19. Qe2 Rxf1+ 20. Kxf1 Qf6+ 21. Nf3 Ne4 22. Kg1 Nec3 23. Qf2 Rf8 24. Bg5 Qf5 25. Re1 h6 26. Bh4 Bh5 27. Re5 Qb1+ 28. Re1 Qxb4 29. Bb3 Bxf3 30. gxf3 Nf4 31. Qf1 Qxd4+ 32. Kh1 Kh8 33.
Bf2 Qf6 34. Be3 Ncd5 35. Bxa7 b6 36. Bxd5 Nxd5 37. Bxb6 Nxb6 38. Qf2 Nd5 39. a4 Qxf3+ 40. Qxf3 Rxf3 41. Rxe6 Ra3 42. Rxc6 Rxa4 43. Rc8+ Kh7 44.
Kg2 Nf4+ 45. Kg3 Nh5+ 46. Kg2 Ra2+ 47. Kf3 Ra3+ 48. Kg4 Nf6+ 49. Kf5 Rxh3 50. Ke6 Re3+ 51. Kf7 h5 52. Re8 Nxe8 53. Kf8 Rf3+ 0-1

[Event "Early-Titled-Tuesday-Blitz-January-16-2024"]
[Site "Chess.com"]
[Date "2024.01.16"]
[Round "1"]
[White "Doublekk14"]
[Black "CarlosjPineror"]
[Result "0-1"]
[WhiteElo "2240"]
[BlackElo "2604"]
[TimeControl "180+1"]
[EndTime "8:08:20 PST"]
[Termination "CarlosjPineror won by checkmate"]

1. c4 c5 2. Nc3 e6 3. e3 Nf6 4. d4 b6 5. Nf3 d6 6. Be2 Nbd7 7. O-O Bb7 8. b3 a6 9. Bb2 Qc7 10. Qd2 Be7 11. Rfd1 Rg8 12. Rac1 g5 13. d5 g4 14. Ne1 h5 15. Nd3 O-O-O 16. dxe6 fxe6 17. Nf4 Nf8 18. Bf1 h4 19. e4 g3 20. fxg3 hxg3 21. h3 e5 22.
Nfd5 Nxd5 23. Nxd5 Bg5 24. Qd3 Bxd5 25. Qxd5 Qb7 26.
Qxg8 Qe7 27. Rc2 Ne6 28. Qg6 Rf8 29. Bc1 Bxc1 30. Rcxc1 Rf6 31. Qg4 Kc7 32. Qg8 Kb7 33.
Rd5 Nd4 34. Rxd4 cxd4 35. Qd5+ Ka7 36. c5 dxc5 37. Qc4 a5 38. Qa6+ Kb8 39. Qb5 Rf8 40. Bc4 Qf6 41. Bd5 Ka7 42. Bc4 Kb8 43. Rf1 Qe7 44.
Qxb6+ Kc8 45. Qc6+ Kb8 46. Rf5 Rxf5 47. exf5 e4 48.
Bd5 d3 49. Qa8+ Kc7 50. Qb7+ Kd6 51. Qc6+ Ke5 52. Bxe4 Qd8 53. Qe6+ Kf4 54. Bf3 Qd4+ 55. Kf1 Qf2# 0-1

[Event "Early-Titled-Tuesday-Blitz-January-16-2024"]
[Site "Chess.com"]
[Date "2024.01.16"]
[Round "1"]
[White "YouJustFoundYourGodfather"]
[Black "SpongeBob_03"]
[Result "1-0"]
[WhiteElo "2586"]
[BlackElo "2191"]
[TimeControl "180+1"]
[EndTime "8:08:20 PST"]
[Termination "YouJustFoundYourGodfather won by checkmate"]

1. e4 c5 2. Nf3 d6 3. d4 cxd4 4.
Nxd4 Nf6 5. Nc3 g6 6. Be3 Nc6 7. Bb5 Bd7 8. Qd2 Bg7 9. O-O-O a6 10. Bxc6 bxc6 11. Bh6 O-O 12. h4 c5 13. Nde2 Bxh6 14. Qxh6 Ng4 15. Qf4 h5 16. Ng3 Rb8 17. Nd5 e6 18. Ne3 e5 19. Qf3 Qb6 20. b3 Be6 21. Ne2 Qa5 22. Kb1 c4 23. Nc1 cxb3 24. axb3 Qb6 25.
Rd2 a5 26. Nxg4 Bxg4 27. Qe3 Qc7 28. f3 Be6 29. g4 a4 30. Rd3 Rfc8 31. Rh2 axb3 32.
cxb3 Ra8 33. Qd2 Ra6 34. gxh5 Rb8 35. Rc3 Qa7 36. hxg6 Ra1+ 37. Kc2 Ra2+ 38. Nxa2 Qxa2+ 39. Kd3 Qxd2+ 40. Rxd2 Bxb3 41. gxf7+ Bxf7 42. Ke3 Re8 43. Rcd3 d5 44. exd5 Rd8 45. d6 Rd7 46. Rc3 Be6 47. Rc7 Kf7 48. Rxd7+ Bxd7 49. f4 Ke6 50. fxe5 Kxe5 51.
h5 Ke6 52. h6 Kf7 53. Rg2 Ke6 54. h7 Kxd6 55. h8=Q Bc6 56. Qd4+ Kc7 57. Rg7+ Kb8 58.
Qb6+ Ka8 59. Qd8# 1-0

[Event "Early-Titled-Tuesday-Blitz-January-16-2024"]
[Site "Chess.com"]
[Date "2024.01.16"]
[Round "1"]
[White "DanilNajdin"]
[Black "SantoBlue"]
[Result "0-1"]
[WhiteElo "2500"]
[BlackElo "2934"]
[TimeControl "180+1"]
[EndTime "8:08:21 PST"]
[Termination "SantoBlue won by resignation"]

1. d4 d6 2. e4 Nf6 3. Nc3 e5 4. Nf3 Nbd7 5. Bc4 Be7 6. O-O O-O 7. a4 c6 8. Qe2 exd4 9. Nxd4 Re8 10. Be3 Bf8 11.
f3 d5 12. exd5 Nb6 13. Ba2 Nbxd5 14. Nxd5 Nxd5 15. Bxd5 Qxd5 16. Qf2 Bd7 17. Rad1 Qa5 18. b3 Rad8 19. Rfe1 Bc8 20. Bd2 Rxe1+ 21. Rxe1 Qd5 22.
Be3 Bb4 23. Re2 c5 24. Nb5 a6 25. c3 Ba5 26. Rd2 Qxb3 27. Rxd8+ Bxd8 28. Qd2 Bh4 29. g3 Bf6 30. Nd6 Bh3 31. Ne4 Qb1+ 32. Qc1 Qa2 33. Nxf6+ gxf6 34. Qd2 Qa1+ 35. Qc1 Qxa4 36. Bxc5 Qa2 37.
Bf2 h5 38. Qe3 Kg7 39. g4 hxg4 40. fxg4 Bxg4 41. Qg3 Qb1+ 42. Be1 Qg6 43. c4 Be6 44. c5 Kf8 45. Qxg6 fxg6 46. Bc3 Ke7 47. Kf2 Bg4 48. h4 Ke6 49. Ke3 f5 50. Kf4 Kd5 51. Kg5 Bh5 52.
Bb4 Kc4 53. Ba3 a5 54. Kf4 a4 55. Ke5 Kb3 56. Bc1 a3 57. Bxa3 Kxa3 0-1

[Event "Early-Titled-Tuesday-Blitz-January-16-2024"]
[Site "Chess.com"]
[Date "2024.01.16"]
[Round "1"]
[White "Zapateado"]
[Black "blitzking1729"]
[Result "1/2-1/2"]
[WhiteElo "2367"]
[BlackElo "2678"]
[TimeControl "180+1"]
[EndTime "8:08:22 PST"]
[Termination "Game drawn - insufficient material"]

1. c4 Nf6 2. Nc3 c5 3. g3 Nc6 4. Bg2 g6 5. e4 Bg7 6. Nge2 O-O 7. O-O Ne8 8. d3 Nc7 9. Be3 Ne6 10. a3 Rb8 11.
Rb1 a5 12. Nb5 Ned4 13. Nexd4 cxd4 14. Bd2 d6 15. b4 axb4 16. axb4 Be6 17. f4 Qd7 18. Qe2 Bg4 19. Bf3 Bxf3 20. Qxf3 f5 21. exf5 Rxf5 22. Qe4 Kh8 23. Rfe1 e5 24. Qd5 Rd8 25.
c5 dxc5 26. Qxd7 Rxd7 27. bxc5 h5 28. Nd6 Rf8 29. Rxb7 Rxb7 30. Nxb7 Rb8 31. Nd6 Rb2 32. Bc1 Rb3 33. Nf7+ Kg8 34. Nxe5 Bxe5 35. fxe5 Kf7 36.
e6+ Ke8 37. Bg5 Rxd3 38. Ra1 Rb3 39. Ra8+ Rb8 40. Rxb8+ Nxb8 41. Kf1 Na6 42. c6 Nc7 43. Ke2 Nxe6 44. Bf6 Kf7 45. Be5 Ke7 46. Kd3 g5 47. Bxd4 Kd6 48. Be3 h4 49. g4 Kxc6 50.
Ke4 Kd6 51. Kf5 Kd5 52. Bxg5 Nd4+ 53. Kg6 Nf3 54. Kh5 Nxh2 55. Bxh4 Nxg4 1/2-1/2

[Event "Early-Titled-Tuesday-Blitz-January-16-2024"]
[Site "Chess.com"]
[Date "2024.01.16"]
[Round "1"]
[White "xakevicius91"]
[Black "Shield12"]
[Result "0-1"]
[WhiteElo "2520"]
[BlackElo "3009"]
[TimeControl "180+1"]
[EndTime "8:08:23 PST"]
[Termination "Shield12 won by resignation"]

1. e4 c5 2. Nf3 e6 3. b3 Nc6 4. Bb5 a6 5. Bxc6 bxc6 6. Bb2 f6 7. c3 d5 8. Qe2 Nh6 9. d4 Nf7 10. exd5 cxd5 11. c4 dxc4 12. Qxc4 cxd4 13. Nxd4 Ne5 14. Qe2 Bb4+ 15. Nd2 Qd5 16. O-O Bb7 17. N2f3 O-O 18. Rad1 Rad8 19. Kh1 Nxf3 20. Nxf3 Qe4 21. Qxe4 Bxe4 22.
Nd4 Kf7 23. f3 Bb7 24. a3 Be7 25. b4 Bd5 26. Rfe1 Rd7 27. Ne2 Rfd8 28. Nc3 Bc4 29. Rxd7 Rxd7 30. Rd1 Rxd1+ 31. Nxd1 e5 32. Kg1 Ke6 33. Kf2 Bd8 34. Bc1 f5 35. g3 g5 36.
Be3 f4 37. Bc5 h5 38. Nc3 g4 39. fxg4 hxg4 40. a4 Kf5 41. b5 axb5 42. axb5 Ke6 43. b6 Ba6 44. gxf4 exf4 45. Ke1 Bf6 46. Ne2 Be5 47.
Bf2 f3 48. Ng3 Kd5 49. Kd2 Bb7 50. Be3 Kc4 51. Nf5 Bxh2 52. Bf2 Bf4+ 53. Ne3+ Kb5 54. Ke1 g3 55. Bxg3 Bxe3 56. Bf2 Bxf2+ 57. Kxf2 0-1

[Event "Early-Titled-Tuesday-Blitz-January-16-2024"]
[Site "Chess.com"]
[Date "2024.01.16"]
[Round "1"]
[White "giomar27"]
[Black "dozer80"]
[Result "1-0"]
[WhiteElo "2424"]
[BlackElo "2740"]
[TimeControl "180+1"]
[EndTime "8:08:24 PST"]
[Termination "giomar27 won on time"]

1. d4 Nf6 2. Nc3 g6 3. Bf4 c6 4. e3 Bg7 5. h4 h6 6. Bd3 d6 7. Nf3 Bg4 8. Qd2 Nbd7 9. Nh2 Be6 10. e4 b5 11. f3 Nb6 12. d5 cxd5 13. Bxb5+ Kf8 14. e5 dxe5 15. Bxe5 Rc8 16. O-O-O Nfd7 17. Bxg7+ Kxg7 18. Kb1 Qc7 19. Ng4 Bxg4 20. fxg4 e6 21.
h5 g5 22. Rhf1 Rhf8 23. Ba6 Rb8 24. Qd4+ Qe5 25. Rfe1 Qxd4 26. Rxd4 Nc5 27. Bd3 Rfc8 28. Kc1 Nbd7 29. Bb5 Nf6 30. Bd3 a5 31. Na4 Nxd3+ 32. Rxd3 Nxg4 33. Kd2 Nf2 34. Ra3 Ne4+ 35. Kd1 Rb4 36. c3 Rb5 37. Kc2 f5 38. Re2 Kf6 39.
Rb3 Rb4 40. Nb6 Rc6 41. Nd7+ Ke7 42. Ne5 Rc8 43. Ng6+ Kf6 44. Ra3 Rb5 45. Ra4 g4 46. Nf4 Rcb8 47. b3 Rc8 48. Re3 Rbc5 49. c4 dxc4 50.
bxc4 Rxc4+ 51. Rxc4 Rxc4+ 52. Kb3 Rb4+ 53. Ka3 Ke5 54.
g3 Kd4 55. Re1 1-0

[Event "Early-Titled-Tuesday-Blitz-January-16-2024"]
[Site "Chess.com"]
[Date "2024.01.16"]
[Round "1"]
[White "crazy_m_attack"]
[Black "bascheyaro"]
[Result "0-1"]
[WhiteElo "2442"]
[BlackElo "2814"]
[TimeControl "180+1"]
[EndTime "8:08:25 PST"]
[Termination "bascheyaro won on time"]

1. e4 e6 2. d4 d5 3. Nc3 Bb4 4.
e5 Ne7 5. Bd2 b6 6. Bb5+ c6 7. Bd3 Ba6 8. Bxa6 Nxa6 9. Qe2 Nb8 10. Nf3 O-O 11. O-O c5 12. Nb5 Bxd2 13. Qxd2 cxd4 14.
Nfxd4 Nbc6 15. f4 Nxd4 16. Nxd4 Qc8 17. c3 h5 18. Qf2 g6 19. Qh4 Qd8 20. Rf3 Nf5 21.
Nxf5 exf5 22. Qf2 Qc7 23. Rd1 Rad8 24. Rfd3 Qc4 25. b3 Qc6 26. Qf3 b5 27. Rxd5 Rxd5 28. Rxd5 Qb6+ 29. Qf2 Qb7 30. Qc5 a6 31. Qd4 a5 32. e6 Qe7 33. exf7+ Kh7 34. Re5 Qxf7 35. Qc5 Kh6 36. Re7 Qf6 37. Qe5 b4 38. Qxf6 Rxf6 39. c4 Rd6 40. Re2 h4 41. g3 hxg3 42. hxg3 Rd3 43.
Kg2 Rc3 44. Kh3 g5 45. fxg5+ Kxg5 46. Re5 a4 47. Rb5 axb3 48. axb3 Rxb3 49. c5 f4 50. c6+ Kf6 51. c7 Rxg3+ 52. Kh2 Rc3 53. Rxb4 Kf5 54. Kg2 Rxc7 55. Kf2 Kg4 56. Rb8 Rc2+ 57. Kf1 Kg3 58. Rb4 Rc1+ 59. Ke2 f3+ 60. Ke3 Re1+ 61. Kd2 f2 0-1

[Event "Early-Titled-Tuesday-Blitz-January-16-2024"]
[Site "Chess.com"]
[Date "2024.01.16"]
[Round "1"]
[White "AlbusSevresPotter"]
[Black "Seochesspie"]
[Result "1/2-1/2"]
[WhiteElo "2474"]
[BlackElo "2801"]
[TimeControl "180+1"]
[EndTime "8:08:26 PST"]
[Termination "Game drawn by repetition"]

1. e4 d6 2. d4 Nf6 3. Nc3 Nc6 4. f4 g6 5. Nf3 Bg7 6. Be3 Bg4 7. Be2 O-O 8. O-O e6 9. Qd2 d5 10. e5 Nd7 11. Ne1 Bxe2 12. Nxe2 Ne7 13. g4 f6 14.
Ng3 c5 15. c3 cxd4 16. cxd4 Nc6 17. Nf3 Nb6 18. b3 Qe7 19. Rac1 Rf7 20. exf6 Bxf6 21.
Ne5 Nxe5 22. fxe5 Bg7 23. Bg5 Rxf1+ 24. Rxf1 Qd7 25. Bf6 Rf8 26. Bxg7 Rxf1+ 27. Kxf1 Kxg7 28. Qg5 Qf7+ 29. Kg2 Kf8 30. Qd8+ Qe8 31. Qf6+ Kg8 32. h4 Nd7 33. Qg5 Kf7 34. h5 Qe7 35. Qh6 Nf8 36.
Qf4+ Ke8 37. Kh3 a6 38. a4 Qb4 39. Qe3 Kf7 40. Qf4+ Ke8 41. Qc1 Qe7 42. Qc8+ Kf7 43. a5 Kg7 44. Ne2 Qf7 45. Kg3 g5 46. Qc1 h6 47.
Qe3 Nd7 48. Qf3 Qe7 49. Qc3 Nb8 50. Nc1 Nc6 51. Nd3 Qf7 52. Kg2 Qf8 53. Qc5 Qf7 54.
b4 Kg8 55. b5 axb5 56. a6 Qh7 57. a7 Nxa7 58. Qxa7 Qe4+ 59. Kf2 Qxd3 60. Qb8+ Kf7 61. Qxb7+ Ke8 62. Qc8+ Ke7 63. Qc7+ Ke8 64. Qc8+ Ke7 65.
Qc7+ Kf8 66. Qc8+ Ke7 1/2-1/2

[Event "Early-Titled-Tuesday-Blitz-January-16-2024"]
[Site "Chess.com"]
[Date "2024.01.16"]
[Round "1"]
[White "brm72"]
[Black "Kopytkin"]
[Result "1/2-1/2"]
[WhiteElo "2702"]
[BlackElo "2390"]
[TimeControl "180+1"]
[EndTime "8:08:29 PST"]
[Termination "Game drawn by stalemate"]

1. e4 Nf6 2. e5 Nd5 3. d4 d6 4. c4 Nb6 5. exd6 cxd6 6. Nc3 g6 7. Be3 Bg7 8. Rc1 O-O 9. Nf3 Bg4 10. b3 d5 11. c5 Nc8 12. Be2 Nc6 13. O-O e6 14. a3 N8e7 15. Ne1 Bxe2 16. Nxe2 Nf5 17. b4 Qf6 18. Nc2 a6 19. Qd2 Nxe3 20. fxe3 Qg5 21. Rf3 e5 22. Rg3 Qh5 23. Rh3 Qg5 24. Rg3 Qh5 25. Rf1 Rad8 26. Ne1 Qh4 27. Nf3 Qe7 28. a4 exd4 29. exd4 Rfe8 30. Re1 Qe3+ 31. Qxe3 Rxe3 32. Kf2 Rde8 33. b5 axb5 34. axb5 Nxd4 35. Nfxd4 Bxd4 36. Rxe3 Bxe3+ 37. Kf3 Bxc5 38. Rc1 b6 39. Nf4 Re5 40.
Rd1 Re3+ 41. Kg4 d4 42. Nd5 Re6 43. Kf3 Kg7 44. g4 h6 45. h4 Re5 46. Nf4 Re3+ 47. Kg2 Rb3 48. g5 hxg5 49. hxg5 Rxb5 50. Kf3 Rb3+ 51. Kg4 Re3 52. Nd5 Re5 53. Nf6 Be7 54. Ne8+ Kf8 55. Nf6 Bxf6 56. gxf6 Re6 57. Kg5 Rd6 58.
Rc1 Rd8 59. Rh1 Kg8 60. Rd1 d3 61. Kf4 b5 62. Ke5 b4 63. Rc1 d2 64. Rc8 Rxc8 65.
Kd6 Rd8+ 66. Ke7 d1=Q 1/2-1/2

[Event "Early-Titled-Tuesday-Blitz-January-16-2024"]
[Site "Chess.com"]
[Date "2024.01.16"]
[Round "1"]
[White "sergoy"]
[Black "guillembaches"]
[Result "1-0"]
[WhiteElo "3014"]
[BlackElo "2522"]
[TimeControl "180+1"]
[EndTime "8:08:30 PST"]
[Termination "sergoy won on time"]

1. d4 d5 2. c4 e6 3. Nf3 a6 4. cxd5 exd5 5. Nc3 Nf6 6. Bg5 Be6 7. Bxf6 Qxf6 8. Qb3 b5 9. a4 b4 10. Nxd5 Qd8 11.
e4 c6 12. Qe3 cxd5 13. exd5 Qxd5 14. Rc1 Be7 15. Bd3 Qd8 16. Be4 Nd7 17. d5 Bg4 18. d6 Rb8 19. dxe7 Qxe7 20. O-O Bxf3 21. gxf3 Ne5 22. f4 Ng4 23. Bc6+ Kf8 24. Qg3 h5 25.
Rfe1 Qf6 26. h3 Nh6 27. Be4 Nf5 28. Qg5 Nd4 29. Rc7 Rh6 30. Kh1 Re8 31. Re3 Qd6 32.
Rc1 Ne6 33. Qe5 Qxe5 34. fxe5 Nd4 35. Bg2 Nf5 36. Re4 Rhe6 37. Rc5 g6 38. Kh2 Kg7 39. h4 R6e7 40. Bh3 Rb7 41. Bxf5 gxf5 42. Re3 Rd8 43. e6 fxe6 44. Rxe6 Rd2 45. Kg3 Rxb2 46. Rcc6 b3 47. Rg6+ Kf7 48. Rh6 Kg7 49. Rcg6+ Kf7 50.
Rxa6 Kg7 51. Rhg6+ Kf7 52. Rgf6+ Kg7 53. Rfb6 Rxb6 54.
Rxb6 Rb1 55. Kf4 b2 56. f3 Ra1 57. Rxb2 Rxa4+ 58. Kg5 Rxh4 59. Kxh4 1-0

[Event "Early-Titled-Tuesday-Blitz-January-16-2024"]
[Site "Chess.com"]
[Date "2024.01.16"]
[Round "1"]
[White "viktorgen2021"]
[Black "Bushonica"]
[Result "1-0"]
[WhiteElo "2550"]
[BlackElo "1812"]
[TimeControl "180+1"]
[EndTime "8:08:31 PST"]
[Termination "viktorgen2021 won by resignation"]

1. d4 d5 2. c4 e6 3. Nf3 c5 4. cxd5 exd5 5. Nc3 Nf6 6. g3 Nc6 7.
Bg2 c4 8. O-O Be7 9. Bg5 O-O 10.
Ne5 a6 11. Nxc6 bxc6 12. e4 Be6 13. Re1 Qd7 14. Qa4 dxe4 15. Rad1 Nd5 16. Nxe4 Bxg5 17. Nxg5 c3 18. Nxe6 fxe6 19. Qc2 cxb2 20. Qxb2 Rab8 21. Qd2 Qf7 22. Bh3 Nc7 23. Re2 Rbd8 24. Qc2 Qf3 25. Bg2 Qf5 26. Qxc6 Nb5 27. Qxe6+ Qxe6 28. Rxe6 Nxd4 29.
Ree1 Nb5 30. Bd5+ Kh8 31. Bb3 Rc8 32. Re6 a5 33. Ra6 Nc3 34. Rd2 Ne4 35. Re2 Nc3 36.
Rc2 Rc5 37. Kg2 Rcf5 38. Rxc3 Rxf2+ 39. Kh3 h6 40. Rac6 Kh7 41. Bc2+ Kg8 42. Rc8 Rxc8 43. Rxc8+ Kf7 44. Bb3+ Kg6 45. Rc6+ Kf5 46. Rc5+ Ke4 47. Rxa5 g5 48. Ra4+ Ke3 49. Kg4 Rxh2 50. Ra6 Rh1 51.
a4 Kd3 52. a5 Kc3 53. Be6 Kb4 54. Ra8 Kb5 55. a6 Kb6 56. Bd5 Rc1 57. Bb7 Rc4+ 58. Kh5 Rc3 59. Kg4 Rc4+ 60. Kh3 h5 61. Rh8 g4+ 62. Kh4 Rc7 63. Rxh5 Ka7 64. Kxg4 Rg7+ 65.
Rg5 1-0

[Event "Early-Titled-Tuesday-Blitz-January-16-2024"]
[Site "Chess.com"]
[Date "2024.01.16"]
[Round "1"]
[White "quvnoq_muxlis"]
[Black "dzilleruelo"]
[Result "1-0"]
[WhiteElo "2671"]
[BlackElo "2338"]
[TimeControl "180+1"]
[EndTime "8:08:32 PST"]
[Termination "quvnoq_muxlis won by resignation"]

1. e4 c6 2. d4 d5 3. Nc3 dxe4 4.
Nxe4 Bf5 5. Ng3 Bg6 6. h4 h6 7.
N1e2 Nf6 8. Nf4 Bh7 9. Bc4 e6 10. c3 Bd6 11. Ngh5 Nxh5 12. Nxh5 O-O 13. Qg4 Bg6 14.
Ng3 Bxg3 15. Qxg3 h5 16. Bg5 Qb6 17. O-O-O Nd7 18. Qd6 Nb8 19. g4 hxg4 20. h5 Bh7 21. h6 Qa5 22. Be7 Re8 23. hxg7 Na6 24. Bf6 Qf5 25.
Bd3 Qxf6 26. Rxh7 Rad8 27. Qh2 Qg5+ 28. f4 gxf3+ 29. Kb1 f2 30. Qxf2 f5 31. Rdh1 Kf7 32.
g8=Q+ Kxg8 33. Rxb7 Qf6 34. Rg1+ Kf8 35. Bxa6 Re7 36.
Rxe7 Kxe7 37. Qg3 f4 38. Qg7+ Qxg7 39. Rxg7+ Kf6 40. Rxa7 e5 41. dxe5+ Kxe5 42. Kc2 f3 43. Rf7 Ke4 44. Bc4 Ke3 45. a4 f2 46. a5 Rd2+ 47.
Kb3 Rd1 48. a6 Ra1 49. a7 c5 50. Kc2 Ra5 51. b4 cxb4 52. cxb4 Ra3 53. b5 Ra4 54. Kb3 Ra1 55. b6 Rb1+ 56. Kc3 Ra1 57. Re7+ Kf4 58. Rf7+ Ke3 59. Re7+ Kf3 60. Bd5+ Kg3 61. Rg7+ Kf4 62. Rf7+ Ke3 63. Rxf2 Kxf2 64. a8=Q Rxa8 65. Bxa8 Ke3 66. b7 Ke4 67. b8=Q+ Ke3 68. Qe8+ Kf4 69. Qe4+ Kg3 70. Qf3+ Kh4 71. Qg2 1-0

[Event "Early-Titled-Tuesday-Blitz-January-16-2024"]
[Site "Chess.com"]
[Date "2024.01.16"]
[Round "1"]
[White "Hongjin"]
[Black "mbchess97"]
[Result "1/2-1/2"]
[WhiteElo "2613"]
[BlackElo "2306"]
[TimeControl "180+1"]
[EndTime "8:08:34 PST"]
[Termination "Game drawn by repetition"]

1. e4 c5 2. Nf3 d6 3. d4 cxd4 4. Nxd4 Nf6 5. Bd3 Nc6 6. Nb3 g6 7. O-O Bg7 8. f4 a5 9. a4 O-O 10. Nc3 Be6 11. h3 d5 12. e5 Qb6+ 13. Kh2 Ne4 14.
Nxe4 dxe4 15. Bxe4 Rfd8 16. Qf3 Bxb3 17. Qxb3 Qxb3 18.
cxb3 Nd4 19. Ra3 Rac8 20. Bxb7 Rb8 21. Be4 Nxb3 22. Be3 Nd2 23. Bxd2 Rxd2 24. b3 Rb4 25. Re1 Rdd4 26. Bc6 Rxf4 27. e6 Bc3 28. exf7+ Kxf7 29. Bd5+ Kf8 30. Re2 Rbd4 31. Bc4 Rd1 32. Raa2 Bb4 33.
g3 Rf6 34. Rf2 Kg7 35. Rxf6 exf6 36. h4 Rd2+ 37. Rxd2 Bxd2 38. Kg2 h5 39. Kf3 g5 40. hxg5 fxg5 41. Bd5 h4 42. gxh4 gxh4 43. Kg4 Be1 44.
Bc4 Kf6 45. Bd5 Ke5 46. Bc4 Kd4 47. Bf7 Kc5 48. Bc4 Kb4 49. Bg8 Kc5 50. Bc4 Kb4 51.
Kh3 Kc5 52. Kg2 Kb4 53. Kf1 Bg3 54. Kg2 Kc5 55. Kf3 Kb4 56. Kg4 Kc5 57. Kh3 Kb4 58.
Bd5 Kc5 59. Bb7 Kb4 60. Bd5 Kc5 61. Bf7 Kb4 62. Kg2 Kc5 63. Kf3 Kb4 64. Be6 Kc5 65. Ke4 Kb4 66. Kd3 Bf2 67. Kc2 Bg3 68. Bh3 Bf2 69.
Bf1 Bg3 70. Bh3 Bf2 71. Be6 Bg3 72. Kd3 Bf2 73. Ke2 Bg3 74. Ke3 Kc5 75. Kd3 Kb4 76. Kc2 Bf2 77. Kb2 Bg3 78. Kc2 Bf2 79. Kd3 Bg3 80. Ke2 Kc5 81. Kf1 Kb4 82. Kg2 Kc5 83. Kh3 Kb4 84. Bc4 Kc5 85. Kg4 Kb4 86. Kf3 Kc5 87.
Kg2 Kb4 88. Kg1 Kc5 89. Kg2 Kb4 90. Kh3 Kc5 91. Kg2 1/2-1/2

[Event "Early-Titled-Tuesday-Blitz-January-16-2024"]
[Site "Chess.com"]
[Date "2024.01.16"]
[Round "1"]
[White "invisible_s0ul"]
[Black "bazar-wokzal"]
[Result "1-0"]
[WhiteElo "2294"]
[BlackElo "2602"]
[TimeControl "180+1"]
[EndTime "8:08:34 PST"]
[Termination "invisible_s0ul won on time"]

1. Nf3 g5 2. Nxg5 e5 3. d4 Be7 4. h4 h6 5. Nf3 e4 6. Nfd2 e3 7. Nf3 exf2+ 8. Kxf2 Nf6 9. Nc3 d5 10. Bf4 Bf5 11. Ne5 Nc6 12. g3 Nxe5 13. Bxe5 Ng4+ 14.
Kg1 Nxe5 15. dxe5 c6 16. Bg2 Rg8 17. Kh2 d4 18. Ne4 Bxh4 19. Nd6+ Kf8 20. Nxf5 Bxg3+ 21. Nxg3 Qh4+ 22. Kg1 Qxg3 23. Qf1 Re8 24. Qf2 Qxe5 25. Rf1 Re7 26. Rxh6 Rg5 27. Rf6 Rg7 28. Qf4 Qxe2 29. Qb8+ Re8 30. Qd6+ Kg8 31. R1f2 Qd1+ 32. Kh2 Qh5+ 33.
Kg1 Re1+ 34. Rf1 Re2 35. Qb8+ Kh7 36. R6f2 Re6 37. Qh2 Qxh2+ 38. Kxh2 Kg8 39. Bh3 Rh6 40. Rg2 Rxg2+ 41. Kxg2 Kf8 42. Rf4 c5 43. Rf5 b6 44.
Rd5 Ke7 45. Rd7+ Kf6 46. Rxa7 Rg6+ 47. Kf2 Rh6 48. Bg2 Rh4 49. Rb7 Rf4+ 50. Kg3 Kg5 51. Rxb6 Rg4+ 52. Kf2 Rf4+ 53. Bf3 Rf5 54. Rc6 Kf4 55.
Ke2 Kg3 56. Be4 Rf2+ 57. Kd3 f5 58. Bd5 f4 59. Rxc5 f3 60. Rc8 Rf1 61. Rg8+ 1-0